 Dungeon Crawl Stone Soup version 0.27-a0-1586-gd5c625afe7 (webtiles) character file.

Game seed: 2637082969879787653

4622 HAL9000 the Covert (level 10, -3/47 (51) HPs)
             Began as a Vine Stalker Brigand on July 18, 2021.
             Was an Initiate of Dithmenos.
             Shot with a sling bullet by Joseph (16 damage)
             ... on level 8 of the Dungeon.
             The game lasted 00:12:31 (7590 turns).

HAL9000 the Covert (Vine Stalker Brigand)           Turns: 7590, Time: 00:12:32

HP:   -3/47 (51)    AC:  9    Str: 17    XL:     10   Next: 42%
MP:   0/11          EV: 11    Int: 12    God:    Dithmenos [......]
Gold: 389           SH:  0    Dex: 15    Spells: 9/9 levels left

rFire    . . .     SeeInvis .   i - +3 dagger (drain)
rCold    . . .     Faith    .   (no shield)
rNeg     . . .     Spirit   +   y - +0 steam dragon scales
rPois    .         Reflect  .   (no helmet)
rElec    .         Harm     .   c - +0 cloak
rCorr    .         Rampage  .   m - +2 pair of gloves
Will     +....                  (no boots)
Stlth    +++++.....             (no amulet)
HPRegen  1.15/turn              (no ring)
MPRegen  0.12/turn              (no ring)

@: drained
A: fangs 3, regeneration 1, magic shield, antimagic bite, no potion heal 2
a: Renounce Religion


You were on level 8 of the Dungeon.
You worshipped Dithmenos.
Dithmenos was noncommittal.
You visited 2 branches of the dungeon, and saw 9 of its levels.
You also visited: Sewer.

You collected 389 gold pieces.

Inventory:

Hand Weapons
 i - a +3 dagger of draining (weapon)
 o - a +1 antimagic dagger
Missiles
 d - 39 poisoned darts (quivered)
 e - 2 curare-tipped darts
 x - 14 boomerangs
Armour
 c - a +0 cloak (worn)
 m - a +2 pair of gloves (worn)
 t - a +1 robe of cold resistance
 y - +0 steam dragon scales (worn)
Jewellery
 F - a ring of magical power
 G - a ring of fire
Wands
 a - a wand of mindburst (10)
 w - a wand of acid (6)
 E - a wand of iceblast (6)
Scrolls
 g - a scroll of teleportation
 h - a scroll of amnesia {unknown}
 j - a scroll of noise {unknown}
 k - a scroll of fog
 n - 5 scrolls of enchant weapon
 q - a scroll of immolation
 s - 2 scrolls of magic mapping {unknown}
 u - a scroll of brand weapon {unknown}
 v - 2 scrolls of summoning {unknown}
 z - 2 scrolls of enchant armour {unknown}
 A - 4 scrolls of identify
 D - a scroll of vulnerability {unknown}
Potions
 b - 2 potions of magic
 f - 2 potions of cancellation
 l - 2 potions of lignification
 p - a potion of curing
 r - a potion of invisibility {unknown}
 B - a potion of flight {unknown}
 C - a potion of ambrosia {unknown}


   Skills:
 + Level 4.4 Fighting
 - Level 9.1 Short Blades
 - Level 3.1 Throwing
 - Level 0.7 Dodging
 + Level 13.3 Stealth


You had 9 spell levels left.
You didn't know any spells.
Your spell library contained the following spells:

 Spells                   Type           Power      Damage    Failure   Level
 Blink                    Tloc           N/A        N/A       45%         2
 Sublimation of Blood     Necr           0%         N/A       45%         2
 Conjure Flame            Conj/Fire      0%         6-21      69%         3
 Ignite Poison            Fire/Tmut/Pois 0%         N/A       69%         3
 Lesser Beckoning         Tloc           0%         N/A       69%         3
 Petrify                  Tmut/Erth      0%         N/A       97%         4
 Sticky Flame             Conj/Fire      0%         2d3       97%         4
 Irradiate                Conj/Tmut      0%         3d13      100%        5
 Manifold Assault         Tloc           0%         N/A       100%        5


Dungeon Overview and Level Annotations

Branches:
Dungeon (8/15)             Temple (1/1) D:7           Sewer (visited)
   Lair: D:8-11

Altars:
Ashenzari
Cheibriados
Dithmenos
Elyvilon
Fedhas
Gozag
Hepliaklqana
Kikubaaqudgha
Makhleb
Nemelex Xobeh
Okawaru
Qazlal
Ru
Sif Muna
Trog
Uskayaw
Vehumet
Wu Jian
Xom
Yredelemnul
Zin
The Shining One

Shops:
D:3 (   D:4 (*   D:6 =

Annotations:
D:6 1 runed translucent door, fly's ghost, novice HuDe
D:8 3 runed translucent doors, Joseph


Innate Abilities, Weirdness & Mutations

You have razor-sharp teeth.
Your natural rate of healing is unusually fast.
When hurt, damage is shared between your health and your magic reserves.
Your bite disrupts and absorbs the magic of your enemies.
Potions cannot restore your health.


Message History

You hit the slime creature. You drain the slime creature.
The slime creature is moderately wounded.
You hit the slime creature. Your bite misses the slime creature.
The slime creature is heavily wounded.
The slime creature hits you.
The slime creature quivers.
You hit the slime creature but do no damage.
You bite the slime creature. You drain its power.
You feel invigorated.
The slime creature is heavily wounded.
You hit the slime creature. You drain the slime creature.
You bite the slime creature, but do no damage.
The slime creature is severely wounded.
The slime creature hits you.
You hit the slime creature.
The slime creature is severely wounded.
The slime creature quivers.
You hit the slime creature but do no damage.
The slime creature is severely wounded.
The slime creature hits you.
You hit the slime creature. You drain the slime creature.
Your bite misses the slime creature.
The slime creature is severely wounded.
You hit the slime creature. You drain the slime creature.
You bite the slime creature! You drain its power.
You feel invigorated.
The slime creature is almost dead.
The slime creature hits you.
The slime creature quivers.
You hit the slime creature. You drain the slime creature.
You kill the slime creature!
Dithmenos accepts your kill.
Two slime creatures merge to form a large slime creature.
Joseph shoots a sling bullet.
The sling bullet hits you.
Two slime creatures merge to form a very large slime creature.
Joseph shoots a sling bullet.
The sling bullet hits you!
Joseph shoots a sling bullet.
The sling bullet hits you!
* * * LOW HITPOINT WARNING * * *
There is a stone staircase leading up, spattered with blood here.
Joseph tries to grin evilly.
Joseph shoots a sling bullet.
The sling bullet hits you!!
You die...

###.#....#..)#.# #..#.....# #
#.#.##.#.....## #........#
###.#.##.#......######@##..g..#
........>...........gJ........#
###.#.##.##...#..####..##.....#
##.#.##.##.####J# #.###.....#
#..#.##.##.# #@# #.# #.....#
#.##.##....# #)## #.# ###...#
##.##.####..####@.###.# ....#
......................# #.#..g
##.##.###.#####..#.....# #.##.#
#. ##...##..# #.##.. .. ...##
.. #.##..### #.#..# # #.# ..
#.# #.# #.# .. ##<# #. #.#


You could see Joseph and a very large slime creature.

Vanquished Creatures
  A centaur warrior (D:8)
  Maggie (D:7)
  2 slime creatures (D:8)
  A meliai zombie (D:7)
  Menkaure (D:4)
  A water moccasin (D:6)
  3 sky beasts
  An orc warrior (D:7)
  An ice beast (D:6)
  2 centaurs
  6 ogres
  A necrophage (D:4)
  Blork the orc (D:4)
  A bullfrog (D:7)
  A gnoll sergeant (D:5)
  A scorpion (D:6)
  A water moccasin skeleton (D:3)
  5 wights
  A howler monkey (D:4)
  3 centaur zombies
  A bullfrog zombie (D:6)
  3 jellies
  A gnoll shaman (D:6)
  4 orc priests
  7 hounds
  A bullfrog skeleton (D:6)
  A centaur skeleton (D:4)
  5 iguanas
  3 orc wizards
  A hound skeleton (D:5)
  6 gnolls
  9 adders
  6 river rats (Sewer)
  A shadow imp (D:6)
  A white imp (D:7)
  An ufetubus (D:7)
  An adder skeleton (D:4)
  5 worms
  4 dart slugs
  25 orcs
  8 ball pythons
  7 endoplasms
  3 giant cockroaches
  9 goblins
  4 hobgoblins
  3 jackals (D:1)
  5 kobolds
  6 quokkas
  4 bats
  13 frilled lizards
  11 rats
194 creatures vanquished.

Notes
Turn   | Place    | Note
-------+----------+-------------------------------------------
     0 | D:1      | HAL9000 the Vine Stalker Brigand began the quest for the
                  | Orb.
     0 | D:1      | Reached XP level 1. HP: 11/11 MP: 2/2
   349 | D:1      | Reached XP level 2. HP: 12/15 MP: 3/3
   791 | D:1      | Reached XP level 3. HP: 16/18 MP: 4/4
  1082 | D:2      | Reached skill level 5 in Stealth
  1509 | D:2      | Found a faded altar of an unknown god.
  1763 | D:3      | Found Leerosmi's Antique Weapon Shop.
  1837 | D:3      | Reached skill level 6 in Stealth
  1837 | D:3      | Gained mutation: Your natural rate of healing is unusually
                  | fast. [Vine Stalker growth]
  1837 | D:3      | Reached XP level 4. HP: 7/23 MP: 5/5
  2010 | D:3      | Reached XP level 5. HP: 22/26 MP: 4/6
  2373 | D:3      | Reached skill level 7 in Stealth
  2769 | D:4      | Reached skill level 8 in Stealth
  2784 | D:4      | Reached XP level 6. HP: 30/30 MP: 7/7
  2784 | D:4      | Noticed a sky beast
  2801 | D:4      | Killed a sky beast
  2802 | D:4      | Reached skill level 9 in Stealth
  2937 | D:4      | Noticed Menkaure
  3005 | D:4      | Killed Menkaure
  3006 | D:4      | Reached XP level 7. HP: 22/34 MP: 8/8
  3046 | D:4      | Found Puddol's General Store.
  3315 | D:4      | Noticed Blork the orc
  3321 | D:4      | Killed Blork the orc
  3466 | D:4      | Found Solymeba's Antique Weapon Shop.
  3520 | D:5      | Entered Level 5 of the Dungeon
  3534 | D:5      | Reached skill level 5 in Short Blades
  3592 | D:5      | Gained mutation: You have razor-sharp teeth. [Vine Stalker
                  | growth]
  3592 | D:5      | Reached XP level 8. HP: 32/38 MP: 7/9
  4331 | D:6      | Reached XP level 9. HP: 37/42 MP: 8/10
  4450 | D:6      | Found a runed translucent door.
  4450 | D:6      | Noticed fly's ghost (novice HuDe)
  4450 | D:6      | Noticed a cyclops
  4481 | D:6      | Found a glowing drain.
  4498 | Sewer    | Entered a sewer
  4782 | D:6      | Found Dacat's Jewellery Shoppe.
  5037 | D:6      | Reached skill level 10 in Stealth
  5820 | D:7      | Noticed Maggie
  5825 | D:7      | Killed Maggie
  5826 | D:7      | Reached skill level 11 in Stealth
  5949 | D:7      | Found a staircase to the Ecumenical Temple.
  5970 | Temple   | Entered the Ecumenical Temple
  6268 | Temple   | Became a worshipper of Dithmenos the Shadowed
  6344 | D:7      | Found a glowing silver altar of Zin.
  6421 | D:7      | Reached skill level 12 in Stealth
  6421 | D:7      | Reached XP level 10. HP: 40/49 MP: 9/11
  6934 | D:8      | Noticed a centaur warrior
  6953 | D:8      | Killed a centaur warrior
  7161 | D:8      | Noticed Joseph
  7199 | D:7      | Reached skill level 13 in Stealth
  7475 | D:8      | Found a runed translucent gate.
  7475 | D:8      | Found a runed translucent gate.
  7475 | D:8      | Found a runed translucent gate.
  7590 | D:8      | Shot with a sling bullet by Joseph

Illustrated notes

Levels and vault maps discovered:
D:1:      amcnicky_arrival_gap_in_the_tavern_cellar, layout_loops_ring
D:2:      layout_basic, chequers_ecumenical_altar_twisty
D:3:      layout_loops_cross, serial_shops, shop, corexii_hall_statues_t
D:4:      minmay_angry_zag, layout_basic, serial_shops, kennysheep_little_box,
          nicolae_stop_n_shop_2, uniq_menkaure, uniq_blork_the_orc
D:5:      layout_basic, serial_glass, glass_columns_b, glass_columns_b,
          item_on_display_a, feat_on_display, feat_on_display,
          minmay_strange_pillars, hangedman_abyss_or_decor_stabs,
          minmay_fractal_squares_diagonal_5
D:6:      layout_basic, ebering_ghost_inner_flame, serial_shops,
          nicolae_square_shop, cheibrodos_sewer_entry_sluice, st_stairs_11,
          hex_medium
D:7:      layout_basic, mainiacjoe_overflow_alcove_1, minmay_temple_entry_ruins,
          grunt_ministairs_13, uniq_maggie
D:8:      layout_rooms, gammafunk_ghost_ooze, uniq_psyche, uniq_joseph
Temple:   regret_index_temple_sigil_plot

Skill      XL: |  1  2  3  4  5  6  7  8  9 10 |
---------------+-------------------------------+-----
Throwing       | 2 3 |  3.1
Stealth        | 6 8 9 12 13 | 13.3
Short Blades   | 3 5 8 9 |  9.1
Fighting       | 3 4 |  4.4
Dodging        | |  0.7

Action                   |  1- 3 |  4- 6 |  7- 9 | 10-12 || total
-------------------------+-------+-------+-------+-------++-------
Melee: Dagger            |    93 |   102 |   357 |   113 ||   665
       Bite              |    18 |    28 |   113 |    45 ||   204
Throw: Dart              |    15 |       |     4 |     1 ||    20
Evoke: Wand              |       |     3 |       |       ||     3
  Use: Scroll            |       |       |     9 |       ||     9
 Stab: Sleeping          |    10 |     7 |    27 |     2 ||    46
       Distracted        |       |       |     1 |       ||     1
Armor: Robe              |    27 |    34 |    99 |       ||   160
       Steam dragon scal |       |       |    19 |    22 ||    41
Dodge: Dodged            |    34 |    27 |   171 |    33 ||   265

Table legend: (Time is in decaauts)
 A = Elapsed time spent in this place.
 B = Non-inter-level travel time spent in this place.
 C = Inter-level travel time spent in this place.
 D = Time resting spent in this place.
 E = Time spent auto-exploring this place.
 F = Levels seen in this place.
 G = Mean time per level.
                   A        B        C        D        E       F      G
               +--------+--------+--------+--------+--------+-----+--------+
         Total |   7413 |   7202 |    211 |    811 |   4988 |  10 |  741.3 |
       Dungeon |   6839 |   6659 |    180 |    811 |   4524 |   8 |  854.9 |
        Temple |    308 |    277 |     31 |      0 |    274 |   1 |  308.0 |
         Sewer |    265 |    265 |      0 |      0 |    190 |   1 |  265.0 |
               +--------+--------+--------+--------+--------+-----+--------+

Top non-repeatable levels by time:
     D:1: 1069 daAuts
     D:7: 1049 daAuts
     D:6: 992 daAuts
     D:4: 901 daAuts
     D:3: 896 daAuts
     D:5: 755 daAuts
     D:2: 624 daAuts
     D:8: 549 daAuts
  Temple: 308 daAuts
   Sewer: 265 daAuts
